Map: Arctic Gates

Players

Maelthor - Winner!

  • Race: Terran Terran
  • Spawn Location: 3:00

Erfeyah - Winner!

  • Race: Protoss Protoss
  • Spawn Location: 0:00

A.I. 2 (Very Easy)

  • Race: Terran Terran
  • Spawn Location: 9:00

VOD

Have the link to the VOD?

Description

Time

  • Played on: Nov. 14, 2017, 6:14 p.m.
  • Length: 75:50
Show
View Real Time Build Order
Export as new Build Order

Maelthor Terran - Winner!

Build Orders:  

Get SALT Encoding   

  12  1:18  SCV  
  13  2:21  Supply Depot  
  13  2:47  Barracks  
  13  2:54  SCV  
  14  4:30  Marine  
  15  4:33  Barracks  
  15  4:44  Orbital Command  
  15  4:48  Refinery  
  15  4:49  Refinery  
  15  4:50  Marine  
  16  5:35  Marine x2  
  16  5:38  SCV  
  19  6:16  Marine x2  
  21  6:36  Marine x2  
  23  7:31  Supply Depot  
  23  7:32  Supply Depot  
  23  7:52  Marine x2  
  25  8:16  Marine x2  
  26  11:32  Marine x2  
  28  11:40  Factory  
  28  11:45  Factory  
  28  13:40  Marine  
  28  13:41  Marine  
  28  14:20  Command Center  
  28  14:45  Marine x2  
  30  14:47  Factory Tech Lab x2  
  30  16:44  Marine x2  
  32  16:52  Siege Tank x2  
  38  17:02  Marine x2  
  40  17:28  Marine  
  40  17:29  Marine  
  34  18:02  Marine  
  34  18:03  Marine  
  36  18:46  Marine x2  
  38  19:09  Siege Tank  
  44  19:10  Siege Tank  
  44  19:27  Engineering Bay  
  44  20:12  Supply Depot  
  44  20:16  Planetary Fortress  
  44  20:45  SCV  
  45  21:02  Missile Turret  
  45  21:06  Command Center  
  41  24:18  Marine x2  
  43  24:40  Marine x2  
  43  24:42  Siege Tank x2  
  51  25:24  SCV  
  52  25:36  SCV  
  48  25:51  Barracks Tech Lab  
  48  25:52  Barracks Tech Lab  
  48  25:57  SCV x2  
  50  26:04  Starport  
  50  26:09  SCV x2  
  52  27:27  Starport Tech Lab  
  52  27:32  Fusion Core  
  52  28:24  Battlecruiser  
  58  28:48  Supply Depot  
  58  28:51  Supply Depot  
  58  29:09  Supply Depot  
  56  39:45  Command Center  
  56  41:09  Marine x2  
  56  41:11  Combat Shields  
  56  41:12  Stimpack  
  46  41:26  Battlecruiser  
  46  41:27  Marine  
  52  41:35  Command Center  
  52  42:30  Battlecruiser  
  58  43:32  Planetary Fortress  
  58  43:36  Refinery  
  58  43:37  Refinery  
  58  43:47  Battlecruiser  
  64  43:49  Weapon Refit  
  64  43:52  Concussive Shells  
  64  44:05  Terran Infantry Weapons Level 1  
  64  44:14  Armory  
  64  45:11  Battlecruiser  
  70  46:26  Battlecruiser  
  76  58:30  Marine x2  
  78  58:48  Marine x2  
  76  59:06  Marine x2  
  78  60:19  Marine  
  78  60:20  Marine  
  78  62:16  Terran Vehicle Weapons Level 1  
  78  62:33  Command Center  
  78  62:49  Battlecruiser  
  84  63:53  Battlecruiser  
  90  69:42  Battlecruiser  
  96  70:43  Terran Vehicle Weapons Level 2  
  96  70:58  Battlecruiser  
Show
View Real Time Build Order
Export as new Build Order

Erfeyah Protoss - Winner!

Build Orders:  

Get SALT Encoding   

  12  1:23  Probe  
  13  2:05  Probe  
  14  2:16  Probe  
  15  7:27  Pylon  
  14  11:22  Gateway  
  14  12:16  Gateway  
  14  12:46  Gateway  
  14  12:50  Gateway  
  14  12:52  Gateway  
  14  13:16  Pylon  
  14  14:38  Nexus  
  14  15:57  Zealot  
  14  16:00  Zealot  
  14  16:01  Zealot  
  14  16:02  Zealot  
  22  16:12  Zealot  
  24  16:24  Zealot  
  26  16:27  Zealot  
  26  16:28  Zealot  
  26  16:30  Zealot  
  34  16:40  Zealot  
  34  16:52  Zealot  
  36  16:54  Zealot  
  36  16:55  Zealot  
  36  16:57  Zealot  
  42  17:07  Zealot  
  44  17:19  Zealot  
  45  19:17  Cybernetics Core  
  45  20:50  Pylon  
  45  21:08  Zealot x3  
  45  21:10  Pylon  
  51  21:17  Pylon  
  49  25:17  Assimilator  
  49  25:21  Assimilator  
  49  25:32  Assimilator  
  45  25:36  Assimilator  
  39  26:21  Probe  
  40  26:32  Probe  
  41  26:42  Probe  
  42  26:53  Probe  
  43  27:03  Probe  
  44  28:23  Stalker  
  44  28:26  Stalker  
  48  28:27  Stalker  
  48  28:28  Stalker  
  52  28:54  Sentry  
  54  29:01  Sentry  
  52  29:27  Adept  
  54  30:00  Zealot  
  54  30:01  Zealot x4  
  48  45:20  Twilight Council  
  48  45:45  Stargate  
  48  47:37  Warp Gate (Chrono Boost)  
  40  65:25  Zealot  
  42  71:41  Zealot  
  44  72:03  Zealot  
Show
View Real Time Build Order
Export as new Build Order

A.I. 2 (Very Easy) Terran 

Build Orders:  

Get SALT Encoding   

  12  0:00  SCV  
  13  0:13  SCV  
  14  0:19  Supply Depot  
  14  0:37  Refinery  
  14  0:46  Barracks  
  14  1:05  Supply Depot  
  14  1:12  Refinery  
  14  1:33  Orbital Command  
  14  1:34  Marine  
  15  1:53  Barracks Tech Lab  
  15  1:59  SCV  
  16  2:11  SCV  
  17  2:20  Marine  
  18  2:23  SCV  
  19  2:35  SCV  
  20  2:47  SCV  
  21  2:59  SCV  
  22  3:06  Marauder  
  24  6:42  SCV  
  24  6:43  Marine, Supply Depot  
  24  6:46  Factory  
  26  6:52  Command Center  
  26  6:54  SCV  
  27  7:06  SCV  
  27  7:08  Supply Depot  
  28  7:16  Marine  
  29  7:32  Starport  
  29  7:50  Marine  
  26  8:05  SCV  
  27  8:06  Refinery  
  27  8:12  SCV  
  28  8:13  Starport Tech Lab, Refinery  
  28  8:19  SCV  
  29  8:24  Marine  
  29  8:26  SCV  
  31  8:32  Raven  
  31  8:33  SCV  
  34  8:41  SCV  
  35  8:48  SCV  
  36  8:55  SCV  
  37  8:57  Marine  
  37  9:02  SCV  
  39  9:09  SCV  
  40  9:15  Raven  
  40  9:16  SCV  
  43  9:24  SCV  
  44  9:31  SCV, Marauder  
  47  9:38  SCV  
  48  9:45  SCV  
  49  9:52  SCV  
  51  10:00  SCV  
  51  12:28  Medivac, Factory Tech Lab  
  53  12:30  Supply Depot  
  53  12:49  Siege Tank  
  56  12:53  Supply Depot  
  56  12:58  Medivac  
  58  13:12  Command Center  
  58  13:21  Siege Tank  
  61  13:27  Raven  
  58  13:41  Marine  
  55  14:06  Marine  
  56  14:10  Raven  
  58  14:26  Refinery  
  58  14:31  Marine  
  59  15:10  Refinery  
  59  16:47  Marine  
  60  17:04  Marine  
  61  17:13  Siege Tank  
  64  17:26  Marine  
  65  17:55  Siege Tank  
  62  18:27  Siege Tank  
  65  18:57  Command Center  
  65  20:17  Refinery  
  65  20:19  Refinery  
  65  20:51  Marauder  
  67  21:12  Marine  
  68  21:29  Marine  
  60  21:47  Marine  
  55  22:05  Marine  
  56  22:23  Reaper  
  57  22:55  Marine  
  58  23:13  Marine  
  59  23:31  Reaper  
  60  24:03  Marine  
  61  24:21  Marauder  
  63  24:42  Marine  
  64  24:52  Siege Tank  
  67  25:00  Command Center  
  67  25:03  Marauder  
  69  25:24  Marine  
  70  25:30  Siege Tank  
  73  25:42  Marine  
  61  26:00  Marine  
  62  26:15  Refinery  
  62  26:18  Marine  
  63  26:27  Refinery  
  63  26:35  Marine  
  64  29:19  Marine  
  57  29:30  Siege Tank  
  54  29:40  Marine  
  55  29:58  Marine  
  56  30:03  Siege Tank  
  59  30:16  Marine  
  60  30:33  Marine  
  61  30:51  Marine  
  62  31:10  Marauder  
  64  31:15  Command Center  
  64  32:08  Siege Tank  
  67  32:31  Refinery  
  67  32:37  Refinery  
  67  32:50  Marine  
  57  33:08  Marine  
  58  33:18  Siege Tank  
  58  33:31  Marine  
  59  33:49  Marine  
  60  33:59  Siege Tank  
  63  34:12  Marine  
  64  34:30  Marine  
  65  36:18  Marauder  
  67  36:39  Marauder  
  69  37:00  Marine  
  55  37:12  Command Center  
  55  37:18  Marauder  
  57  37:39  Marine  
  58  37:57  Reaper  
  59  38:29  Marine  
  60  38:35  Refinery  
  60  38:45  Refinery  
  60  38:47  Marine  
  61  39:05  Marine  
  62  39:22  Marine  
  63  39:40  Reaper  
  64  40:12  Marine  
  65  40:30  Marine  
  66  40:48  Marine  
  67  41:06  Marine  
  66  41:24  Reaper  
  55  41:34  Raven  
  55  41:56  Marine  
  56  42:14  Marauder  
  58  42:35  Marauder  
  60  42:56  Marine  
  61  43:15  Marauder  
  63  43:35  Marine, Command Center  
  64  43:53  Marine  
  65  44:11  Reaper  
  66  44:44  Marauder  
  68  44:52  Siege Tank  
  71  45:02  Refinery  
  71  45:07  Refinery  
  71  45:24  Siege Tank  
  72  45:33  Marine  
  59  45:51  Marine  
  60  46:02  Siege Tank  
  63  46:16  Marine  
  64  46:34  Marine  
  65  46:52  Marine  
  66  47:09  Marine  
  67  49:34  Marine  
  51  49:52  Marine, Command Center  
  52  50:01  Siege Tank  
  55  50:13  Marine  
  54  50:23  SCV  
  41  50:30  SCV  
  41  50:31  Marine  
  38  50:37  SCV  
  38  50:40  Siege Tank  
  39  50:44  SCV  
  40  50:51  SCV  
  40  50:53  Marine  
  42  50:58  SCV  
  42  51:06  SCV  
  42  51:11  Marine  
  43  51:13  SCV  
  38  51:18  Raven  
  38  51:20  SCV, Siege Tank  
  42  51:28  SCV  
  42  51:31  Refinery  
  43  51:35  SCV, Refinery  
  43  51:42  SCV, Command Center  
  43  51:48  Marine  
  43  51:50  SCV  
  44  51:57  SCV  
  40  52:04  SCV  
  40  52:06  Marine  
  33  52:11  SCV  
  33  52:14  Medivac  
  30  52:18  SCV  
  30  52:19  Refinery  
  29  52:26  SCV  
  27  52:33  Refinery  
  27  52:35  Factory  
  26  52:40  SCV  
  26  52:47  SCV  
  23  52:54  SCV  
  23  52:57  Barracks  
  21  53:01  SCV  
  20  53:09  SCV  
  21  53:16  SCV  
  21  53:19  Hellion  
  21  53:30  SCV  
  19  53:45  SCV  
  19  53:47  Hellion  
  19  53:48  Supply Depot  
  22  53:52  SCV  
  22  53:57  Starport  
  22  53:59  SCV  
  23  54:06  SCV  
  23  54:09  Factory Tech Lab  
  24  54:13  SCV  
  24  54:15  Barracks  
  25  54:20  SCV  
  25  54:27  Hellion  
  25  54:28  SCV  
  28  54:33  Starport Tech Lab  
  28  54:35  SCV  
  29  54:42  SCV  
  29  54:49  SCV, Siege Tank  
  29  54:52  Medivac  
  35  54:56  SCV  
  35  55:02  Barracks Tech Lab  
  35  55:04  SCV, Orbital Command  
  35  55:11  SCV  
  35  55:18  SCV  
  35  55:21  Siege Tank  
  39  55:22  Raven  
  39  55:25  SCV  
  41  55:29  Marine  
  41  55:32  SCV  
  43  55:40  SCV  
  44  55:47  SCV, Marine  
  45  55:54  SCV  
  48  55:57  Siege Tank  
  48  56:01  SCV  
  49  56:05  Medivac  
  49  56:09  SCV  
  49  56:10  Marine  
  53  56:16  SCV  
  54  56:23  SCV  
  54  56:28  Marine  
  54  56:30  SCV  
  56  56:34  Raven  
  56  56:37  SCV  
  59  56:45  SCV  
  59  56:46  Marine  
  60  56:52  SCV  
  61  56:59  SCV  
  62  57:04  Marine  
  62  57:07  SCV  
  64  57:14  SCV  
  64  57:17  Raven  
  64  57:21  SCV  
  64  57:22  Marauder  
  68  57:29  SCV  
  67  57:36  SCV  
  67  57:43  SCV, Marine  
  68  57:50  SCV  
  68  57:57  SCV  
  69  58:00  Raven  
  69  58:05  SCV  
  72  58:11  Marine  
  72  58:12  SCV  
  69  58:29  Marine  
  70  58:35  SCV  
  70  58:44  SCV  
  70  58:47  Marine  
  69  58:51  SCV  
  69  58:52  Siege Tank  
  58  58:58  SCV  
  55  59:04  Marine  
  55  59:05  SCV  
  57  59:13  SCV  
  58  59:20  SCV  
  58  59:22  Marine  
  60  59:27  SCV  
  60  59:28  Siege Tank  
  64  59:47  SCV  
  64  59:56  Marine  
  65  60:25  Viking  
  67  60:46  Command Center  
  67  60:47  SCV  
  67  60:48  Siege Tank  
  70  61:07  Marine  
  70  61:11  Supply Depot  
  66  61:24  Marine  
  61  61:42  Marine  
  62  61:54  Factory  
  62  62:00  Marine  
  63  62:11  SCV  
  63  62:12  Refinery  
  63  62:15  Refinery  
  62  62:40  Starport, Factory Tech Lab  
  51  62:59  Siege Tank  
  49  63:07  SCV  
  47  63:19  Barracks  
  47  63:20  SCV  
  47  63:22  Starport  
  44  63:34  Barracks  
  43  63:49  Supply Depot  
  43  63:57  SCV  
  43  64:00  Medivac  
  46  64:14  Supply Depot  
  46  64:21  Marine  
  47  64:29  Factory  
  47  64:30  SCV, Medivac  
  49  64:35  Factory  
  49  64:39  Barracks Tech Lab  
  49  64:45  Ghost Academy  
  49  64:49  Supply Depot  
  49  64:57  Reaper  
  50  65:01  Starport Tech Lab  
  50  65:20  Raven  
  52  65:21  Factory Tech Lab  
  52  65:29  Marine  
  52  65:35  Command Center  
  53  65:47  Reaper  
  54  65:55  Siege Tank  
  57  66:18  Ghost  
  59  66:47  Marine  
  59  66:51  Refinery  
  60  66:58  Refinery  
  60  67:05  Marine  
  61  67:23  Marine  
  62  67:40  Ghost  
  64  68:09  Marine  
  65  68:28  Marauder  
  67  69:14  Siege Tank  
  70  69:27  Command Center  
  70  69:46  Siege Tank  
  73  70:05  Marine  
  61  70:19  Siege Tank  
  62  70:28  SCV  
  59  70:39  Supply Depot  
  59  70:41  SCV  
  59  70:42  Barracks  
  59  70:48  SCV  
  56  70:51  Hellion  
  56  70:53  Refinery  
  56  70:56  SCV, Starport  
  53  70:59  Refinery  
  53  71:03  SCV  
  42  71:10  SCV  
  33  71:17  SCV  
  29  71:29  Marine  
  29  71:31  Orbital Command  
  29  71:32  SCV, Starport Tech Lab  
  29  71:37  Supply Depot  
  26  71:44  SCV  
  26  71:45  Factory  
  27  71:47  Marine  
  27  71:50  Medivac  
  29  72:02  Supply Depot  
  29  72:05  Marine  
  29  72:19  SCV  
  32  72:26  SCV  
  32  72:28  Supply Depot  
  28  72:31  Factory Tech Lab  
  28  72:33  SCV  
  16  72:48  SCV  
  16  72:50  Siege Tank  
  20  72:56  Barracks  
  18  73:00  SCV  
  14  73:17  SCV  
  15  73:22  Siege Tank  
  17  73:29  SCV  
  8  73:41  SCV  
  4  73:53  SCV  
Tags
 
Add a new tag
Caveats
  • Supply blocks, unpowered buildings, or Contaminate may cause inaccurate times.
  • Supply counts are checked every 10 seconds.